 Dungeon Crawl Stone Soup version 0.22.1-6-g1668fe2 (webtiles) character file.

9335 nicolaieve the Basher (level 11, -7/145 HPs)
             Began as a Minotaur Berserker on Jan 23, 2019.
             Was a High Priest of Trog.
             Mangled by a seven-headed hydra (12 damage)
             ... on level 1 of the Lair of Beasts.
             The game lasted 00:29:05 (9251 turns).

nicolaieve the Basher (Minotaur Berserker)          Turns: 9251, Time: 00:29:05

Health: -7/145     AC: 16    Str: 28    XL:     11   Next: 21%
Magic:  10/10      EV: 13    Int:  5    God:    Trog [*****.]
Gold:   429        SH:  0    Dex: 11    Spells: 10/10 levels left

rFire    . . .     SeeInvis .   P - +5 great mace "Zoafir" {crush, +Blink}
rCold    . . .     Gourm    .   (shield currently unavailable)
rNeg     + . .     Faith    .   f - +2 scale mail {rN+}
rPois    .         Spirit   .   (helmet restricted)
rElec    .         Reflect  .   o - +0 cloak
rCorr    .         Harm     .   E - +0 pair of gloves
MR       ++...                  m - +0 pair of boots
Stlth    ..........             L - amulet of the acrobat
HPRegen  1.34/turn              a - +2 ring of evasion
MPRegen  0.12/turn              Q - ring of stealth

@: berserking, regenerating, very quick
A: retaliatory headbutt, horns 2
a: Berserk, Trog's Hand, Brothers in Arms, Renounce Religion, Evoke Blink


You were on level 1 of the Lair of Beasts.
You worshipped Trog.
Trog was extremely pleased with you.
You were near starving.

You visited 2 branches of the dungeon, and saw 11 of its levels.

You collected 573 gold pieces.
You spent 144 gold pieces at shops.

Inventory:

Hand Weapons
 b - a +1 whip of pain
 i - a +0 whip of flaming
 v - a +1 whip of draining
 B - the +8 hunting sling of Success {venom, +Blink rC+}
   (You found it on level 5 of the Dungeon)

   It poisons the ammo it fires.
   It protects you from cold.
   It lets you blink.
 P - the +5 great mace "Zoafir" (weapon) {crush, +Blink}
   (Trog gifted it to you on level 10 of the Dungeon)

   It inflicts extra damage upon your enemies.
   It lets you blink.
Missiles
 g - 50 sling bullets
Armour
 f - a +2 scale mail of positive energy (worn)
 m - a +0 pair of boots (worn)
 o - a +0 cloak (worn)
 E - a +0 pair of gloves (worn)
 S - a +0 plate armour
Jewellery
 a - a +2 ring of evasion (left hand)
 y - an uncursed ring of ice
 K - an uncursed amulet of regeneration
 L - an amulet of the acrobat (around neck)
 Q - a ring of stealth (right hand)
Wands
 C - a wand of polymorph (5)
 D - a wand of digging (10)
 F - a wand of disintegration (30)
Scrolls
 l - 3 scrolls of enchant weapon {unknown}
 q - 3 scrolls of teleportation
 r - a scroll of immolation
 t - 4 scrolls of remove curse {unknown}
 x - 5 scrolls of fog
 A - 4 scrolls of amnesia {unknown}
 J - 2 scrolls of magic mapping
 M - a scroll of enchant armour
 O - 4 scrolls of fear {unknown}
Potions
 d - 2 potions of cancellation
 h - 2 potions of curing
 j - 3 potions of flight
 k - 3 potions of agility
 n - 3 potions of might
 u - 4 potions of heal wounds
 G - a potion of ambrosia
 H - a potion of haste
 R - 2 potions of mutation
Comestibles
 c - 28 rations


   Skills:
 + Level 9.4 Fighting
 - Level 13.7 Maces & Flails
 * Level 13.1 Armour
 - Level 2.1 Dodging


You had 10 spell levels left.
You didn't know any spells.
Your spell library was empty.

Dungeon Overview and Level Annotations

Branches:
Dungeon (10/15)            Temple (0/1) D:4            Lair (1/6) D:9
    Orc (0/2) D:10

Altars:
Dithmenos
Elyvilon
Fedhas
Hepliaklqana
Kikubaaqudgha
Nemelex Xobeh
Okawaru
Trog
Uskayaw

Shops:
D:9 (   D:10 *

Annotations:
D:6 1 runed door, toffzen's ghost, novice OpTm


Innate Abilities, Weirdness & Mutations

You reflexively headbutt those who attack you in melee.
You have a pair of horns on your head.


Message History

The seven-headed hydra bites you but does no damage. x2
You hit the seven-headed hydra.
The seven-headed hydra is heavily wounded.
The seven-headed hydra misses you.
The seven-headed hydra bites you but does no damage.
The seven-headed hydra bites you!
* * * LOW HITPOINT WARNING * * *
The seven-headed hydra bites you but does no damage.
The seven-headed hydra bites you.
* * * LOW HITPOINT WARNING * * *
The seven-headed hydra completely misses you.
The seven-headed hydra bites you!
* * * LOW HITPOINT WARNING * * *
You are too berserk!
Unknown command.
Your scale mail prevents you from hitting the seven-headed hydra.
The seven-headed hydra is heavily wounded.
The seven-headed hydra bites you but does no damage.
The seven-headed hydra bites you!
You die...

.....[.###
#........###
#.#........##.
###......#....#
#.............#
#...........#
..........#
..........#
...###D@.## =
##..# ##.# ##


You could see a seven-headed hydra.

Vanquished Creatures
  Harold (D:7)
  A sixfirhy (D:8)
  Pikel (D:8)
  A black mamba (D:9)
  A spiny frog (D:9)
  A troll (D:9)
  Sigmund (D:5)
  3 yaks (D:10)
  A hungry ghost (D:10)
  A warg (D:10)
  4 slaves (D:8)
  2 ice beasts
  4 sky beasts
  2 orc warriors (D:10)
  2 necrophages
  12 ogres
  2 phantoms
  3 centaurs
  3 big kobolds
  7 bullfrogs
  A wyvern zombie (D:6)
  A scorpion (D:9)
  11 killer bees
  A wyvern skeleton (D:10)
  7 howler monkeys
  2 electric eels (D:9)
  3 centaur zombies
  2 quasits
  3 crimson imps
  A bullfrog zombie (D:6)
  2 centaur skeletons
  3 hounds
  A gnoll shaman (D:8)
  10 orc priests
  2 jellies
  10 orc wizards
  2 bullfrog skeletons
  7 worker ants
  A hound zombie (D:10)
  3 worker ant zombies
  A howler monkey zombie (D:7)
  3 gnolls (D:8)
  17 adders
  A shadow imp (D:5)
  3 oozes
  2 adder skeletons
  4 dart slugs
  3 worms
  5 leopard geckos
  44 orcs
  10 bats
  6 giant cockroaches
  11 hobgoblins
  19 jackals
  2 quokkas
  A ball python (D:2)
  7 frilled lizards
  A giant cockroach zombie (D:5)
  14 goblins
  21 kobolds
  A leopard gecko skeleton (D:6)
  A quokka zombie (D:6)
  5 rats
  4 bushes
  3 plants (D:3)
315 creatures vanquished.

Vanquished Creatures (others)
  A wight (D:9)
  A plant (D:3)
  A withered plant (D:6)
3 creatures vanquished.

Grand Total: 318 creatures vanquished

Notes
Turn   | Place    | Note
-------+----------+-------------------------------------------
     0 | D:1      | nicolaieve the Minotaur Berserker began the quest for the
                  | Orb.
     0 | D:1      | Reached XP level 1. HP: 19/19 MP: 0/0
   219 | D:1      | Reached XP level 2. HP: 21/26 MP: 1/1
   766 | D:2      | Reached skill level 5 in Maces & Flails
   822 | D:2      | Reached XP level 3. HP: 31/31 MP: 2/2
   862 | D:2      | Reached ** piety under Trog
  1225 | D:2      | Reached XP level 4. HP: 39/39 MP: 3/3
  1358 | D:3      | Found a faded altar of an unknown god.
  1681 | D:3      | Reached XP level 5. HP: 39/45 MP: 4/4
  1828 | D:3      | Reached *** piety under Trog
  1958 | D:3      | Found a hazy altar of Hepliaklqana.
  1959 | D:3      | Found an iron altar of Okawaru.
  2615 | D:4      | Found an ancient bone altar of Kikubaaqudgha.
  2648 | D:3      | Reached XP level 6. HP: 16/51 MP: 5/5
  3305 | D:4      | Found a bloodstained altar of Trog.
  3305 | D:4      | Found a shadowy altar of Dithmenos.
  3330 | D:4      | Reached **** piety under Trog
  3413 | D:4      | Reached XP level 7. HP: 32/57 MP: 6/6
  3566 | D:4      | Found a staircase to the Ecumenical Temple.
  3584 | D:4      | Found a white marble altar of Elyvilon.
  3638 | D:5      | Entered Level 5 of the Dungeon
  3730 | D:5      | Reached skill level 10 in Maces & Flails
  3768 | D:5      | Got an ichor-stained hunting sling
  3769 | D:5      | Identified the +8 hunting sling of Success {venom, +Blink
                  | rC+} (You found it on level 5 of the Dungeon)
  4230 | D:5      | Noticed Sigmund
  4245 | D:5      | Killed Sigmund
  4245 | D:5      | Reached XP level 8. HP: 55/64 MP: 7/7
  4296 | D:5      | Noticed a hand axe
  4297 | D:5      | Found a hide-covered altar of Uskayaw.
  4297 | D:5      | Noticed a dagger
  4459 | D:6      | Noticed toffzen's ghost (novice OpTm)
  4460 | D:6      | Found a runed door.
  4524 | D:6      | Found an iron altar of Okawaru.
  4998 | D:7      | Reached ***** piety under Trog
  4998 | D:7      | Received a gift from Trog
  5107 | D:7      | Reached XP level 9. HP: 53/71 MP: 8/8
  5411 | D:7      | Noticed Harold
  5432 | D:7      | Killed Harold
  5773 | D:8      | Reached skill level 5 in Fighting
  5915 | D:8      | Found a runed door.
  5915 | D:8      | Noticed a sixfirhy
  6093 | D:8      | Noticed Pikel
  6113 | D:8      | Killed Pikel
  6113 | D:8      | Reached skill level 10 in Armour
  6113 | D:8      | Reached XP level 10. HP: 83/83 MP: 9/9
  6681 | D:8      | Killed a sixfirhy
  6817 | D:9      | Found Buphoseg's Antique Weapon Shop.
  6887 | D:9      | Found a sparkling altar of Nemelex Xobeh.
  7180 | D:9      | Found a staircase to the Lair.
  7889 | D:10     | Entered Level 10 of the Dungeon
  8057 | D:10     | Received a gift from Trog
  8145 | D:10     | Found a staircase to the Orcish Mines.
  8218 | D:10     | Reached XP level 11. HP: 51/95 MP: 10/10
  8333 | D:10     | Received a gift from Trog
  8343 | D:10     | Got an ancient great mace {god gift}
  8344 | D:10     | Identified the +5 great mace "Zoafir" {crush, +Blink} (Trog
                  | gifted it to you on level 10 of the Dungeon)
  8366 | D:10     | Found Weceh's General Store.
  8426 | D:10     | Bought a scroll of identify for 32 gold pieces
  8426 | D:10     | Bought a scroll of fog for 32 gold pieces
  8426 | D:10     | Bought a scroll of teleportation for 48 gold pieces
  8426 | D:10     | Bought a scroll of identify for 32 gold pieces
  8632 | D:10     | Found a blossoming altar of Fedhas.
  8889 | Lair:1   | Entered Level 1 of the Lair of Beasts
  8891 | Lair:1   | Noticed a seven-headed hydra
  9250 | Lair:1   | HP: 4/145 [seven-headed hydra (9)]
  9251 | Lair:1   | Mangled by a seven-headed hydra

Skill      XL: |  1  2  3  4  5  6  7  8  9 10 11 |
---------------+----------------------------------+-----
Maces & Flails | 4 5 6 7 8 9 11 13 | 13.7
Armour         | 3 10 12 13 | 13.1
Fighting       | 6 8 9 |  9.4
Dodging        | |  2.1

Action                   |  1- 3 |  4- 6 |  7- 9 | 10-12 || total
-------------------------+-------+-------+-------+-------++-------
Melee: Mace              |    74 |   321 |    13 |       ||   408
       Headbutt          |     5 |    99 |    93 |    68 ||   265
       Whip              |       |       |   386 |   289 ||   675
       Great mace        |       |       |       |    52 ||    52
Invok: Trog's Hand       |       |     1 |     1 |     4 ||     6
       Berserk           |       |       |     1 |     3 ||     4
  Use: Scroll            |       |       |       |    14 ||    14
  Eat: Chunk             |     1 |     4 |    10 |    12 ||    27
       Ration            |       |     1 |       |     1 ||     2
Armor: Animal skin       |     4 |       |       |       ||     4
       Scale mail        |    25 |    68 |    89 |   121 ||   303
       Chain mail        |       |       |    22 |       ||    22
Dodge: Dodged            |    47 |    82 |   140 |   210 ||   479
